 Dungeon Crawl Stone Soup version 0.31-a0-542-gdc2a67831c (webtiles) character file.

Game seed: 13255840905527189421

1803 randomguy2701 the Thaumaturge (level 8, -1/30 (41) HPs)
             Began as a Deep Elf Necromancer on Aug 14, 2023.
             Was an Initiate of Sif Muna.
             Slain by a wight (6 damage)
             ... on level 6 of the Dungeon.
             The game lasted 00:17:50 (5888 turns).

randomguy2701 the Thaumaturge (DENe)                Turns: 5888, Time: 00:17:51

HP:   -1/30 (41)    AC:  2    Str:  5    XL:     8   Next: 83%
MP:   24/24         EV: 13    Int: 23    God:    Sif Muna [......]
Gold: 234           SH:  0    Dex: 15    Spells: 21/28 levels left

rFire   . . .        n - staff of poison
rCold   + . .        (no shield)
rNeg    . . .        a - +0 robe
rPois   +            (no helmet)
rElec   .            (no cloak)
rCorr   .            (no gloves)
SInv    .            (no boots)
Will    .....        x - amulet of magic regeneration
Stlth   ++           v - ring of protection from cold
HPRegen 0.25/turn    (no ring)
MPRegen 0.59/turn

%: no passive effects
@: very heavily drained
A: no striking features
a: Renounce Religion


You were on level 6 of the Dungeon.
You worshipped Sif Muna.
Sif Muna was noncommittal.
You visited 2 branches of the dungeon, and saw 8 of its levels.

You collected 234 gold pieces.

Inventory:

Armour
 a - a +0 robe (worn)
Magical Staves
 l - a staff of cold
 n - a staff of poison (weapon)
Jewellery
 v - a ring of protection from cold (left hand)
 x - an amulet of magic regeneration (around neck)
 y - a ring of magical power
 C - a ring of magical power
Wands
 j - a wand of mindburst (3)
 t - a wand of roots (7)
 B - a wand of digging (5)
Scrolls
 c - a scroll of silence {unknown}
 d - 3 scrolls of vulnerability {unknown}
 g - 2 scrolls of identify {unknown}
 i - 3 scrolls of revelation {unknown}
 k - a scroll of teleportation {unknown}
 m - 4 scrolls of noise {unknown}
 o - a scroll of blinking {unknown}
 s - a scroll of fear {unknown}
 u - a scroll of summoning {unknown}
 w - a scroll of amnesia {unknown}
Potions
 b - a potion of magic
 e - a potion of ambrosia {unknown}
 f - 2 potions of lignification {unknown}
 h - 2 potions of might {unknown}
 p - a potion of resistance {unknown}
 r - a potion of attraction {unknown}
 z - a potion of haste {unknown}
 A - a potion of heal wounds {unknown}


   Skills:
 - Level 0.1 Fighting
 + Level 3.0 Dodging
 + Level 3.0 Stealth
 + Level 10.5 Spellcasting
 * Level 4.4 Hexes
 + Level 10.0 Necromancy


You had 21 spell levels left.
You knew the following spells:

 Your Spells              Type           Power      Damage    Failure   Level
a - Necrotise             Necr           100%       1d9       1%          1
b - Vampiric Draining     Necr           55%        2d9       1%          3
c - Tukima's Dance        Hex            32%        N/A       2%          3

Your spell library contained the following spells:

 Spells                   Type           Power      Damage    Failure   Level
 Animate Dead             Necr           55%        N/A       1%          4
 Agony                    Necr           55%        N/A       2%          5
 Passage of Golubria      Tloc           12%        N/A       47%         4
 Yara's Violent Unravell  Hex/Tmut       11%        3d6       52%         5


Dungeon Overview and Level Annotations

Branches:
Dungeon (7/15)             Temple (1/1) D:6

Altars:
Ashenzari
Cheibriados
Elyvilon
Fedhas
Gozag
Hepliaklqana
Kikubaaqudgha
Makhleb
Nemelex Xobeh
Okawaru
Qazlal
Sif Muna
Trog
Uskayaw
Vehumet
Wu Jian
Xom
Zin
Lugonu

Shops:
D:2 [

Portals:
Abyss: D:6

Annotations:
D:6 3 runed translucent doors, Crazy Yiuf


Message History

You barely miss the wight.
The wight is heavily damaged.
The wight closely misses you.
You closely miss the wight.
The wight is heavily damaged.
The wight hits you. The wight hits you!
You closely miss the wight.
The wight is heavily damaged.
The wight barely misses you.
You hit the wight but do no damage.
The wight is heavily damaged.
The wight hits you.
You hit the wight but do no damage.
The wight is heavily damaged.
The wight barely misses you.
You barely miss the wight.
The wight is heavily damaged.
The wight hits you!
* * * LOW HITPOINT WARNING * * *
You feel drained.
* * * LOW HITPOINT WARNING * * *
You hit the wight but do no damage.
The wight is heavily damaged.
The wight misses you. The wight barely misses you.
You closely miss the wight.
The wight is heavily damaged.
The wight hits you.
* * * LOW HITPOINT WARNING * * *
You feel drained.
* * * LOW HITPOINT WARNING * * *
You hit the wight but do no damage.
The wight is heavily damaged.
The wight hits you but does no damage.
You closely miss the wight.
The wight is heavily damaged.
The wight closely misses you.
You hit the wight but do no damage.
The wight is heavily damaged.
The wight hits you.
You die...

.######.##....#.###
### .........########
.........# .........#
### ### .........#
#'# #####.#
.........###.#
#.....#
.............#
#.#####
.........#########.#
................@#.#
.........#######.z.#
..........# #.###
..........# #.####
..........# #....#
..........# #.##.#
..........######.##.#
....................#
.........#######†####


You could see a wight.

Vanquished Creatures
  Prince Ribbit (D:5)
  A water moccasin (D:6)
  An ice beast (D:5)
  A sky beast (D:6)
  3 ogres
  A gnoll sergeant (D:5)
  5 scorpions
  A wight (D:6)
  A howler monkey (D:4)
  A jelly (D:4)
  4 hounds
  A gnoll bouda (D:6)
  3 iguanas
  Terence (D:2)
  An orc wizard (D:7)
  12 gnolls
  8 adders
  A worm (D:2)
  A dart slug (D:1)
  12 orcs
  5 endoplasms
  3 giant cockroaches
  2 goblins
  8 hobgoblins
  4 jackals (D:2)
  A quokka (D:3)
  3 ball pythons
  3 bats
  5 frilled lizards
  3 kobolds
  6 rats
103 creatures vanquished.

Vanquished Creatures (collateral kills)
  An iguana (D:6)
  3 gnolls
  A worm (D:2)
  An orc (D:6)
  An endoplasm (D:1)
  A giant cockroach (D:2)
  A ball python (D:1)
  A rat (D:2)
10 creatures vanquished.

Vanquished Creatures (others)
  4 dancing weapons
4 creatures vanquished.

Grand Total: 117 creatures vanquished

Notes
Turn   | Place    | Note
-------+----------+-------------------------------------------
     0 | D:1      | randomguy2701 the Deep Elf Necromancer began the quest for
                  | the Orb.
     0 | D:1      | Reached XP level 1. HP: 10/10 MP: 6/6
    29 | D:1      | Reached skill level 5 in Necromancy
    84 | D:1      | Reached XP level 2. HP: 9/15 MP: 0/8
   684 | D:2      | You fall into a shaft and drop 2 floors!
   792 | D:2      | Reached XP level 3. HP: 18/19 MP: 5/10
   901 | D:2      | Reached XP level 4. HP: 20/24 MP: 2/12
  1046 | D:2      | Noticed Terence
  1052 | D:2      | Killed Terence
  1053 | D:2      | Reached skill level 5 in Spellcasting
  1154 | D:2      | Found Archamm's Armour Shoppe.
  1283 | D:2      | Found an iron altar of Okawaru.
  1437 | D:3      | Noticed a scorpion
  1559 | D:3      | Learned a level 3 spell: Vampiric Draining
  1595 | D:3      | Found a faded altar of an unknown god.
  1949 | D:3      | Found a glowing silver altar of Zin.
  2017 | D:4      | Noticed a scorpion
  2160 | D:4      | Reached XP level 5. HP: 21/28 MP: 9/15
  2382 | D:4      | Found a hazy altar of Hepliaklqana.
  2414 | D:4      | Found a blossoming altar of Fedhas.
  2416 | D:4      | Found a hide-covered altar of Uskayaw.
  2419 | D:4      | Found an opulent altar of Gozag.
  2420 | D:4      | Found a bloodstained altar of Trog.
  2422 | D:4      | Found a shimmering altar of Xom.
  2423 | D:4      | Found a broken altar of Ashenzari.
  2424 | D:4      | Found a stormy altar of Qazlal.
  2613 | D:4      | Noticed an ogre
  2681 | D:4      | Reached XP level 6. HP: 32/32 MP: 13/17
  2962 | D:5      | Entered Level 5 of the Dungeon
  2964 | D:5      | Noticed an ice beast
  2969 | D:5      | Learned a level 3 spell: Tukima's Dance
  3124 | D:5      | Noticed a two-headed ogre
  3255 | D:5      | Reached XP level 7. HP: 36/36 MP: 13/20
  4057 | D:5      | Reached skill level 1 in Hexes
  4089 | D:6      | Noticed Prince Ribbit
  4106 | D:5      | Killed Prince Ribbit
  4107 | D:5      | Reached XP level 8. HP: 41/41 MP: 10/23
  4825 | D:6      | Found a large runed translucent door.
  4826 | D:6      | Found a large runed translucent door.
  4828 | D:6      | Found a corrupted altar of Lugonu.
  4943 | D:6      | Reached skill level 10 in Spellcasting
  5087 | D:6      | Found a staircase to the Ecumenical Temple.
  5221 | D:6      | Found a runed translucent door.
  5222 | D:6      | Noticed Crazy Yiuf
  5254 | D:6      | Found a one-way gate to the infinite horrors of the Abyss.
  5700 | Temple   | Entered the Ecumenical Temple
  5751 | Temple   | Became a worshipper of Sif Muna the Loreminder
  5856 | D:7      | Reached skill level 10 in Necromancy
  5888 | D:6      | Slain by a wight

Illustrated notes

Levels and vault maps discovered:
D:1:      minmay_arrival_wavy_path, layout_basic, amethyst_killhole
D:2:      layout_rooms, serial_shops, nicolae_shop_tiny_glass, basic_altar,
          minmay_ruptured, uniq_terence
D:3:      layout_loops_cross, zin_statuary,
          shapermc_ecumenical_altar_notcrosses, minivault_23
D:4:      layout_cave_pools, minitemple
D:5:      layout_loops_corners, st_stairs_2
D:6:      due_chaos_kobolds, layout_basic, minmay_temple_entry_mini_moons,
          kennysheep_generic_room_14, uniq_prince_ribbit1,
          uniq_crazy_yiuf_cottage
D:7:      layout_loops_ring, mainiacjoe_overflow_small_starburst, serial_shops,
          nicolae_diamond_shop, ebering_ghost_reflecting_pool,
          minmay_misc_feat_encased, skrybe_limestone_x, uniq_joseph
Temple:   pf_temple_reverse_labyrinth

Skill      XL: |  1  2  3  4  5  6  7  8 |
---------------+-------------------------+-----
Necromancy     | 5 6 7 8 10 | 10.0
Spellcasting   | 4 5 6 8 9 10 | 10.5
Hexes          | 2 4 |  4.4
Stealth        | 3 |  3.0
Dodging        | 3 |  3.0
Fighting       | |  0.1

Action                     |  1- 3 |  4- 6 |  7- 9 || total
---------------------------+-------+-------+-------++-------
  Melee: Unarmed           |     2 |       |       ||     2
         Punch             |     1 |       |       ||     1
         Staff             |       |       |    26 ||    26
   Cast: Necrotise         |    50 |   100 |   128 ||   278
         Vampiric Draining |       |     1 |    12 ||    13
         Tukima's Dance    |       |       |     7 ||     7
  Evoke: Wand              |       |       |     1 ||     1
    Use: Potion            |       |       |     3 ||     3
 Armour: Robe              |     9 |     3 |     8 ||    20
  Dodge: Dodged            |    11 |    11 |    57 ||    79

Table legend: (Time is in decaauts)
 A = Elapsed time spent in this place.
 B = Non-inter-level travel time spent in this place.
 C = Inter-level travel time spent in this place.
 D = Time resting spent in this place.
 E = Time spent auto-exploring this place.
 F = Levels seen in this place.
 G = Mean time per level.
                   A        B        C        D        E       F      G
               +--------+--------+--------+--------+--------+-----+--------+
         Total |   5896 |   5258 |    638 |     15 |   4056 |   8 |  737.0 |
       Dungeon |   5794 |   5257 |    537 |     15 |   4056 |   7 |  827.7 |
        Temple |    102 |      1 |    101 |      0 |      0 |   1 |  102.0 |
               +--------+--------+--------+--------+--------+-----+--------+

Top non-repeatable levels by time:
     D:5: 1558 daAuts
     D:4: 1057 daAuts
     D:6: 1030 daAuts
     D:2: 856 daAuts
     D:1: 667 daAuts
     D:3: 570 daAuts
  Temple: 102 daAuts
     D:7: 53 daAuts
